 Dungeon Crawl Stone Soup version 0.29.0-11-gd7f09526c8 (webtiles) character file.

Game seed: 11887471437658282952

55 hawla the Conjurer (level 3, -1/26 HPs)
             Began as a Draconian Conjurer on Sept 6, 2022.
             Slain by Ijyb
             ... wielding a +0 club
              (4 damage)
             ... on level 3 of the Dungeon.
             The game lasted 00:06:26 (3153 turns).

hawla the Conjurer (Draconian Conjurer)             Turns: 3153, Time: 00:06:26

Health: -1/26      AC:  6    Str:  9    XL:     3   Next: 67%
Magic:  0/6        EV: 12    Int: 20    God:
Gold:   96         SH:  0    Dex:  9    Spells: 3/6 levels left

rFire   . . .      SeeInvis .   (no weapon)
rCold   . . .      Faith    .   (no shield)
rNeg    . . .      Spirit   .   (body armour unavailable)
rPois   .          Reflect  .   (helmet restricted)
rElec   .          Harm     .   (no cloak)
rCorr   .          Rampage  .   (no gloves)
Will    .....                   e - +0 pair of boots
Stlth   ++........              (no amulet)
HPRegen 0.08/turn               (no ring)
MPRegen 0.10/turn               (no ring)

@: very slightly contaminated
A: AC +5, unfitting armour, cold-blooded
a: no special abilities


You were on level 3 of the Dungeon.
You visited 1 branch of the dungeon, and saw 3 of its levels.

You collected 96 gold pieces.

Inventory:

Missiles
 n - a throwing net
Armour
 e - a +0 pair of boots (worn)
Jewellery
 m - an amulet of regeneration
Scrolls
 c - 3 scrolls of amnesia
 h - a scroll of enchant armour {unknown}
 k - a scroll of teleportation {unknown}
 o - 2 scrolls of brand weapon {unknown}
Potions
 b - 2 potions of might {unknown}
 d - a potion of lignification {unknown}
 f - 2 potions of curing
 g - a potion of haste {unknown}
 i - 2 potions of ambrosia {unknown}
 j - a potion of mutation {unknown}
 l - 2 potions of heal wounds {unknown}


   Skills:
 + Level 2.1 Dodging
 + Level 2.0 Stealth
 + Level 2.4 Spellcasting
 + Level 4.8 Conjurations


You had 3 spell levels left.
You knew the following spells:

 Your Spells              Type           Power      Damage    Failure   Level
a - Magic Dart            Conj           84%        1d7       1%          1
b - Searing Ray           Conj           42%        2d6       3%          2

Your spell library contained the following spells:

 Spells                   Type           Power      Damage    Failure   Level
 Dazzling Flash           Conj/Hex       24%        N/A       17%         3
 Call Imp                 Summ           2%         N/A       22%         2
 Mephitic Cloud           Conj/Pois/Air  8%         N/A       24%         3
 Ozocubu's Armour         Ice            2%         N/A       41%         3
 Fulminant Prism          Conj/Hex       6%         3d7       50%         4
 Hailstorm                Conj/Ice       12%        3d5       50%         4
 Iskenderun's Mystic Bla  Conj/Tloc      12%        2d5       50%         4
 Ice Form                 Ice/Tmut       2%         N/A       83%         4
 Simulacrum               Ice/Necr       1%         N/A       100%        6
 Ozocubu's Refrigeration  Ice            1%         4d7       100%        7


Dungeon Overview and Level Annotations

Branches:
Dungeon (3/15)

Altars:

Shops:
D:2 *

Annotations:
D:3 Ijyb


Innate Abilities, Weirdness & Mutations

Your plain brown scales are hard. (AC +5)
You cannot fit into any form of body armour.
You are cold-blooded and may be slowed by cold attacks.


Message History

Ijyb screams, "You nasty!
Big nasty!"
Ijyb zaps a wand.
The puff of flame hits you!
You closely miss Ijyb.
Ijyb is almost dead.
Ijyb hits you but does no damage. Magic courses through your body.
Ijyb zaps a wand.
The puff of flame hits you.
* * * LOW HITPOINT WARNING * * *
It was a potion of curing.
You feel better. Ijyb hits you but does no damage.
Casting: Magic Dart (safe; 1% risk of failure)
Confirm with . or Enter, or press ? or * to list all spells.
Aiming: Searing Ray (safe; 3% risk of failure)
Press: ? - help, Shift-Dir - straight line, f - Ijyb
Aim: Ijyb, wielding a +0 club, wearing a +0 chain mail and carrying a wand of flame (3) (almost dead, 78% to hit)
You miscast Searing Ray.
You are very lightly contaminated with residual magic.
Nothing appears to happen.
Ijyb zaps a wand.
The puff of flame hits you!
* * * LOW HITPOINT WARNING * * *
Ijyb hits you with a +0 club.
* * * LOW HITPOINT WARNING * * *
Casting: Searing Ray (safe; 3% risk of failure)
Confirm with . or Enter, or press ? or * to list all spells.
Aiming: Searing Ray (safe; 3% risk of failure)
Press: ? - help, Shift-Dir - straight line, f/p - Ijyb
Aim: Ijyb, wielding a +0 club, wearing a +0 chain mail and carrying a wand of flame (2) (almost dead, 78% to hit)
The searing ray hits Ijyb but does no damage.
Ijyb is almost dead. (Press . to maintain the ray.) Ijyb hits you with a +0 club.
* * * LOW HITPOINT WARNING * * *
The searing ray hits Ijyb but does no damage.
Ijyb is almost dead.
Ijyb hits you but does no damage.
The searing ray misses Ijyb.
Ijyb zaps a wand.
The puff of flame hits you.
* * * LOW HITPOINT WARNING * * *
The searing ray hits Ijyb.
Ijyb is almost dead.
You finish channelling your searing ray.
Ijyb completely misses you. Ijyb attacks as you move away!
Ijyb hits you with a +0 club.
You die...

#### ..# ##########
#.###........#
###.#...†....#>#
............(#.#########
###.#...[....#.#........
# #.#.#.........@g...#
###.#.#......#.#.###.#
....#.......##[#.#
#######........#.. #
####.######.# # #.# .# #
##+## .# # ##...## .# ##
##.....##


You could see Ijyb.

Vanquished Creatures
  2 adders
  3 endoplasms
  A giant cockroach (D:3)
  A goblin (D:1)
  4 hobgoblins
  4 jackals
  4 quokkas
  3 ball pythons
  4 bats
  4 frilled lizards
  A kobold (D:1)
  5 rats
36 creatures vanquished.

Notes
Turn   | Place    | Note
-------+----------+-------------------------------------------
     0 | D:1      | hawla the Draconian Conjurer began the quest for the Orb.
     0 | D:1      | Reached XP level 1. HP: 14/14 MP: 3/3
   431 | D:1      | Reached XP level 2. HP: 20/20 MP: 0/5
   529 | D:2      | Learned a level 2 spell: Searing Ray
   673 | D:1      | Found a faded altar of an unknown god.
  1433 | D:2      | Found Zot Naen's Assorted Antiques.
  1785 | D:2      | Reached XP level 3. HP: 21/26 MP: 1/6
  3130 | D:3      | Noticed Ijyb
  3153 | D:3      | Slain by Ijyb

Illustrated notes

Levels and vault maps discovered:
D:1:      lemuel_arrival_behind_the_door_large, layout_basic,
          shapermc_ecumenical_altar_mp_urbaneastern, amcnicky_mini_pool_small,
          serial_bayou_pond_e, dreamdust_princess_corridor
D:2:      layout_loops_corners, serial_shops, nicolae_shop_trees,
          roderic_lattice_a
D:3:      layout_loops_corners, minmay_overflow_temple_star_quad, uniq_ijyb

Skill      XL: |  1  2 |
---------------+-------+-----
Dodging        | 2 |  2.1
Stealth        | 2 |  2.0
Spellcasting   | |  2.4
Conjurations   | |  4.8

Action                   || total
-------------------------++-------
Melee: Unarmed           ||    61
       Tailslap          ||     6
       Punch             ||     3
 Cast: Magic Dart        ||    24
       Searing Ray       ||    26
  Use: Scroll            ||     1
       Potion            ||     2
Armor: Skin              ||    30
Dodge: Dodged            ||    53
